 Dungeon Crawl Stone Soup version 0.28.0-47-ge53b351184 (webtiles) character file.

Game seed: 1163703032861523797

49 DildoBatman the Conjurer (level 4, 0/30 HPs)
             Began as a Formicid Conjurer on May 5, 2022.
             Was a Follower of Wu Jian.
             Slain by a goblin
             ... wielding a +0 dagger
              (3 damage)
             ... on level 4 of the Dungeon.
             The game lasted 00:04:18 (1466 turns).

DildoBatman the Conjurer (Formicid Conjurer)        Turns: 1466, Time: 00:04:19

Health: 0/30       AC:  2    Str: 12    XL:     4   Next: 1%
Magic:  7/7        EV: 12    Int: 17    God:    Wu Jian [*.....]
Gold:   17         SH:  0    Dex: 11    Spells: 4/7 levels left

rFire   . . .      SeeInvis +   a - +2 short sword (speed)
rCold   . . .      Faith    .   (no shield)
rNeg    . . .      Spirit   .   i - +0 robe
rPois   .          Reflect  .   (helmet unavailable)
rElec   .          Harm     .   (no cloak)
rCorr   .          Rampage  .   (no gloves)
Will    +....                   (no boots)
Stlth   ++........              (no amulet)
HPRegen 0.10/turn               b - ring of willpower
MPRegen 0.10/turn               (no ring)

@: no status effects
A: permanent stasis, dig shafts and tunnels, antennae 3, four strong arms
a: Dig, Shaft Self, Renounce Religion


You were on level 4 of the Dungeon.
You worshipped Wu Jian.
Wu Jian was aware of your devotion.
You visited 1 branch of the dungeon, and saw 3 of its levels.

You collected 17 gold pieces.

Inventory:

Hand Weapons
 a - a +2 short sword of speed (weapon)
Missiles
 d - 41 stones
Armour
 i - a +0 robe (worn)
Jewellery
 b - a ring of willpower (left hand)
Scrolls
 c - a scroll of enchant armour {unknown}
 e - a scroll of magic mapping {unknown}
 g - a scroll of vulnerability {unknown}
 h - 2 scrolls of identify {unknown}
Potions
 f - a potion of mutation {unknown}


   Skills:
 - Level 1.7 Dodging
 - Level 2.4 Stealth
 - Level 2.1 Spellcasting
 * Level 4.8 Conjurations


You had 4 spell levels left.
You knew the following spells:

 Your Spells              Type           Power      Damage    Failure   Level
a - Searing Ray           Conj           36%        2d5       3%          2
c - Magic Dart            Conj           72%        1d6       2%          1

Your spell library contained the following spells:

 Spells                   Type           Power      Damage    Failure   Level
 Dazzling Flash           Conj/Hex       20%        N/A       22%         3
 Fulminant Prism          Conj/Hex       5%         3d7       56%         4
 Iskenderun's Mystic Bla  Conj/Tloc      10%        2d4       56%         4
 Summon Lightning Spire   Summ/Air       1%         N/A       88%         4
 Storm Form               Tmut/Air       0%         N/A       100%        7
 Maxwell's Capacitive Co  Air            0%         ∞         100%        8


Dungeon Overview and Level Annotations

Branches:
Dungeon (2/15)

Altars:
Wu Jian

Shops:
D:1 (


Innate Abilities, Weirdness & Mutations

You cannot be hasted, slowed, berserked, paralysed or teleported.
You can dig through walls and to a lower floor.
You have a pair of large antennae on your head. (SInv)
Your four strong arms can wield two-handed weapons with a shield.


Message History

The kobold hits you but does no damage. What are your orders? t - Shout!
Orders for allies: a - Attack new target. r - Retreat! s - Stop attacking. g - Guard the area. f - Follow me.
Anything else - Cancel.
You shout for attention!
The kobold barely misses you. The worm completely misses you.
What are your orders? t - Shout!
Orders for allies: a - Attack new target. r - Retreat! s - Stop attacking. g - Guard the area. f - Follow me.
Anything else - Cancel.
You shout for attention!
The goblin hits you with a +0 dagger. The kobold hits you with a +0 dagger.
What are your orders? t - Shout!
Orders for allies: a - Attack new target. r - Retreat! s - Stop attacking. g - Guard the area. f - Follow me.
Anything else - Cancel.
You shout for attention!
The goblin closely misses you. The worm bites you.
A goblin comes into view. It is wielding a +0 club.
The kobold hits you with a +0 dagger. What are your orders? t - Shout!
Orders for allies: a - Attack new target. r - Retreat! s - Stop attacking. g - Guard the area. f - Follow me.
Anything else - Cancel.
You shout for attention!
You hear a shout!
The goblin hits you with a +0 dagger.
You die...

### #..
#####..##
.......@#
##....gKwg....#
#.............g
#....<........#
#..............
...^...........
...............
#..............


You could see a worm, 3 goblins and a kobold.

Vanquished Creatures
  A gnoll (D:1)
  3 dart slugs (D:1)
  5 endoplasms (D:1)
  2 goblins (D:1)
  5 hobgoblins
  4 kobolds
  A quokka (D:1)
  3 ball pythons
  2 bats (D:1)
  3 frilled lizards (D:1)
  2 rats
31 creatures vanquished.

Vanquished Creatures (others)
  2 fungi (D:1)
  3 plants (D:1)
5 creatures vanquished.

Grand Total: 36 creatures vanquished

Notes
Turn   | Place    | Note
-------+----------+-------------------------------------------
     0 | D:1      | DildoBatman the Formicid Conjurer began the quest for the
                  | Orb.
     0 | D:1      | Reached XP level 1. HP: 13/13 MP: 3/3
   240 | D:1      | Reached XP level 2. HP: 19/19 MP: 1/5
   243 | D:1      | Learned a level 2 spell: Searing Ray
   313 | D:1      | Reached skill level 4 in Conjurations
   609 | D:1      | Reached XP level 3. HP: 24/24 MP: 1/6
   674 | D:1      | Found a faded altar of an unknown god.
   701 | D:1      | Found Kevel's Antique Weapon Shoppe.
  1342 | D:2      | Reached XP level 4. HP: 30/30 MP: 3/7
  1391 | D:1      | Prayed at the altar of an unknown god.
  1391 | D:1      | Became a worshipper of the Wu Jian Council
  1391 | D:1      | Reached * piety under Wu Jian
  1395 | D:1      | You fall into a shaft and drop 1 floor!
  1448 | D:2      | You fall into a shaft and drop 2 floors!
  1466 | D:4      | Slain by a goblin

Illustrated notes

Levels and vault maps discovered:
D:1:      dpeg_arrival_rooms_c, layout_basic, dreamdust_ecumenical_altar_grove,
          serial_shops, nicolae_shop_advertising_works
          [nicolae_subvault_shop_adworks], serial_bayou_pond_e,
          patterned_corridor
D:2:      layout_loops_corners, roderic_roman_lattice,
          chequers_serial_rivers_micro_c
D:4:      layout_rooms, nicolae_ru_awakened_eye, enter_ossuary_2,
          minmay_goblin_outpost, uniq_blork_the_orc

Skill      XL: |  1  2 |
---------------+-------+-----
Conjurations   | 4 |  4.8
Dodging        | |  1.7
Stealth        | |  2.4
Spellcasting   | |  2.1

Action                   |  1- 3 |  4- 6 || total
-------------------------+-------+-------++-------
Melee: Unarmed           |     4 |       ||     4
       Short sword       |    24 |       ||    24
 Cast: Magic Dart        |    54 |       ||    54
       Searing Ray       |     3 |       ||     3
 Abil: Shaft Self        |       |     2 ||     2
Armor: Robe              |     5 |     4 ||     9
Dodge: Dodged            |    23 |     9 ||    32
